cohdb
Replays
Latest Replays
All Replays
Popular Replays
Top Player Replays
Match Explorer
How It Works
Community
CoH3 Stats
Reddit
Sign in to upload your games and track your stats! →
Sign in with Steam
Match 29325827
Unlisted
Match 29325827
Overview
Messages
Build Orders
End
Panzergrenadier Squad
Panzergrenadier Squad
Construct Light Support Kompanie
Panzerjäger Squad
Fire Support Elements
le.IG 18 Mechanized Group
Flakvierling Half-track
Veteran Squad Leaders
Pak 38 Anti-tank Gun Team
Construct Panzerarmee Kommand
Selects Battlefield Espionage Battlegroup
Selects 250/3 Funkpanzerwagen
Selects Anti-Tank Incendiary Munitions
le.IG 18 Mechanized Group
Panzer III L Medium Tank
spoon
Comrade Michael with mask
Cyb/R
Nukepapa
0
0
Comments
sign in to comment!
No comments posted yet!